 Dungeon Crawl Stone Soup version 0.19-a0-1608-g4cf22de (webtiles) character file.

113 Alarkh the Grave Robber (level 4, -1/30 HPs)
             Began as a Mummy Necromancer on Sept 17, 2016.
             Slain by a jelly (2 damage)
             ... on level 4 of the Dungeon.
             The game lasted 00:02:28 (2332 turns).

Alarkh the Grave Robber (Mummy Necromancer)         Turns: 2332, Time: 00:02:29

Health: -1/30      AC: -2    Str: 11    XL:     4   Next: 65%
Magic:  0/9        EV: 12    Int: 15    God:
Gold:   43         SH:  0    Dex: 12    Spells: 3 memorised, 2 levels left

rFire  . . .     SeeInvis .     g - +2 whip (freeze)
rCold  + + .     Gourm    .     a - +0 robe
rNeg   + + +     Faith    .     (no shield)
rPois  ∞         Spirit   .     (no helmet)
rElec  .         Dismiss  .     (no cloak)
rCorr  .         Reflect  .     (no gloves)
MR     .....     Harm     .     (no boots)
Stlth  ++........               (no amulet)
                                o - ring of protection from fire
                                n - ring of protection from cold

@: corroded
A: no food or potions, fire vulnerability, cold resistance 1, negative energy
resistance 3, torment resistance, unbreathing
a: no special abilities


You were on level 4 of the Dungeon.
You were not hungry.

You visited 1 branch of the dungeon, and saw 4 of its levels.

You collected 43 gold pieces.

Inventory:

Hand Weapons
 c - a +0 dagger
 g - a +2 whip of freezing (weapon)
 m - a +0 dagger of draining
Armour
 a - a +0 robe (worn)
Jewellery
 n - a ring of protection from cold (left hand)
 o - a ring of protection from fire (right hand)
Scrolls
 d - a scroll of random uselessness {unknown}
 e - a scroll of fear
 f - a scroll of fog {unknown}
 h - a scroll of recharging {unknown}
 i - a scroll of immolation {unknown}
 j - 2 scrolls of identify {unknown}
 k - a scroll of teleportation
 l - a scroll of amnesia {unknown}
 p - a scroll of enchant armour {unknown}
 q - a scroll of remove curse {unknown}
Books
 b - a book of Necromancy

   Spells                             Type                      Level
   a - Pain                           Necromancy                   1
   b - Animate Skeleton               Necromancy                   1
   c - Vampiric Draining              Necromancy                   3
   d - Regeneration                   Charms/Necromancy            3
   e - Animate Dead                   Necromancy                   4
   f - Control Undead                 Necromancy                   4


   Skills:
 - Level 1.5 Dodging
 - Level 1.5 Stealth
 + Level 3.6 Spellcasting
 + Level 5.0 Necromancy


You had 2 spell levels left.
You knew the following spells:

 Your Spells              Type           Power        Failure   Level  Hunger
a - Pain                  Necr           ###.         2%          1    N/A
b - Vampiric Draining     Necr           ###.......   10%         3    N/A
c - Control Undead        Necr           ###.......   28%         4    N/A

Dungeon Overview and Level Annotations

Branches:
Dungeon (4/15)
 Temple: D:4-7

Altars:

Annotations:
D:4 jacquesderrida's ghost, weakling VSSk


Innate Abilities, Weirdness & Mutations

You do not eat or drink.
Your flesh is vulnerable to fire.
You are immune to poison.
Your flesh is cold resistant. (rC+)
You are immune to negative energy. (rN+++)
You are immune to unholy pain and torment.
You can survive without breathing.


Message History

Press: ? - help, Shift-Dir - straight line, f/p - jelly
Aim: a jelly (moderately wounded, chance to defeat MR: 82%)
The jelly writhes in agony!
The jelly hits you.
You are splashed with acid!
The acid burns!
Casting: Pain
Confirm with . or Enter, or press ? or * to list all spells.
Aiming: Pain
Press: ? - help, Shift-Dir - straight line, f/p - jelly
Aim: a jelly (severely wounded, chance to defeat MR: 82%)
The jelly barely resists.
The jelly hits you.
* * * LOW HITPOINT WARNING * * *
You are splashed with acid!
The acid corrodes you!
The acid burns!
* * * LOW HITPOINT WARNING * * *
Casting: Pain
Confirm with . or Enter, or press ? or * to list all spells.
Aiming: Pain
Press: ? - help, Shift-Dir - straight line, f/p - jelly
Aim: a jelly (severely wounded, chance to defeat MR: 82%)
The jelly barely resists.
The jelly hits you.
You die...

###.##......#### # .#
.§.............##.#..##
###.##................
.##.###.###.###..#
###.............##..####
...... ............>...#
##########.............#
###.#.#..######.#
........J@.......
###.....#######.#
###......# ###.##.# ...
.. ..# ## .... ####


You could see a jelly.

Vanquished Creatures
  An orc wizard (D:4)
  A worker ant (D:4)
  A worm (D:3)
  A dart slug (D:2)
  A leopard gecko (D:1)
  An orc (D:3)
  9 bats
  A giant cockroach (D:2)
  9 goblins
  4 hobgoblins
  2 jackals (D:1)
  10 kobolds
  A quokka (D:3)
  A ball python (D:1)
  5 frilled lizards
  4 rats
52 creatures vanquished.

Notes
Turn   | Place    | Note
-------+----------+-------------------------------------------
     0 | D:1      | Alarkh the Mummy Necromancer began the quest for the Orb.
     0 | D:1      | Reached XP level 1. HP: 13/13 MP: 3/3
   176 | D:1      | Reached XP level 2. HP: 14/19 MP: 1/5
   830 | D:1      | Reached XP level 3. HP: 24/24 MP: 0/7
  2032 | D:4      | Noticed a phantom
  2108 | D:4      | Reached XP level 4. HP: 23/30 MP: 0/9
  2172 | D:4      | Noticed jacquesderrida's ghost (weakling VSSk)
  2185 | D:3      | Learned a level 3 spell: Vampiric Draining
  2190 | D:3      | Learned a level 4 spell: Control Undead
  2291 | D:4      | Reached skill level 5 in Necromancy
  2329 | D:4      | HP: 1/30 [acid (8)]
  2332 | D:4      | Slain by a jelly

Vault maps used:
D:1:      minmay_arrival_shattered_statue
D:2:      first_bread
D:4:      uniq_robin

Skill      XL: |  1  2  3  4 |
---------------+-------------+-----
Spellcasting   | 3 |  3.6
Necromancy     | 5 |  5.0
Dodging        | |  1.5
Stealth        | |  1.5

Action                   |  1- 3 |  4- 6 || total
-------------------------+-------+-------++-------
Melee: Dagger            |     8 |       ||     8
       Whip              |    26 |       ||    26
 Cast: Pain              |    88 |    15 ||   103
  Use: Scroll            |     2 |       ||     2
 Stab: Sleeping          |     2 |       ||     2
Armor: Robe              |    10 |       ||    10
Dodge: Dodged            |    20 |     6 ||    26
